[Event "ICC 60 30 u"]
[Site "Internet Chess Club"]
[Date "2014.03.24"]
[Round "1"]
[White "Yermo"]
[Black "JTiberK"]
[Result "0-1"]
[ICCResult "White resigns"]
[WhiteElo "2619"]
[BlackElo "2219"]
[Opening "English: Nimzo-English opening"]
[ECO "A17"]
[NIC "EO.59"]
[Time "19:01:30"]
[TimeControl "3600+30"]

1. c4 Nf6 2. Nc3 e6 3. Nf3 Bb4 4. g3 b6 5. Bg2 Bb7 6. d3 a6 7. e4 O-O 8. O-O
d6 9. Ne2 c5 10. Rb1 Ba5 11. Nf4 Nc6 12. b3 Qe7 13. Bb2 b5 14. e5 Nxe5 15.
Nxe5 Bxg2 16. Kxg2 dxe5 17. Bxe5 Rfd8 18. Qf3 Ra7 19. Rbd1 Rad7 20. h4 Bc7
21. Bxc7 Rxc7 22. Rfe1 Rcd7 23. g4 Ne8 24. h5 Qg5 25. Nh3 Qf6 26. Re3 Qxf3+
27. Kxf3 bxc4 28. bxc4 Rd4 29. Nf4 Rxc4 30. dxc4 Rxd1 31. Ra3 Rc1 32. Rxa6
Rc3+ 33. Ke2 Rxc4 34. Nd3 Rxg4 35. Nxc5 Kf8 36. a4 Rg5 37. Rc6 Re5+ 38. Kf1
Rxh5 39. a5 Rh3 40. a6 Ra3 41. Rb6 Ke7 42. Rb7+ Kd6 43. Ne4+ Kd5 44. Ng5
Rxa6 45. Rxf7 h6 46. Nf3 e5 47. Nh4 Ke6 48. Rf8 Nf6 49. Ng2 Ra2 50. Ne3 Ne4
51. Re8+ Kf7 52. Rxe5 Rxf2+ 53. Kg1 Rf4 54. Nd5 Rg4+ 55. Kf1 h5 56. Ne3 Rf4+
57. Kg2 g6 58. Nd5 Rg4+ 59. Kh2 Ng5 60. Re7+ Kf8 61. Ra7 h4 62. Ra3 Kg7 63.
Ra7+ Kh6 64. Kh1 Nf3 65. Ra1 Kg5 66. Rf1 Rg3 67. Nc3 Kg4 68. Rb1 Rh3+ 69.
Kg2 Rh2+ 70. Kf1 Nd2+ 71. Kg1 Kh3 {White resigns} 0-1

[Event "ICC 60 30 u"]
[Site "Internet Chess Club"]
[Date "2014.03.24"]
[Round "1"]
[White "Yermo"]
[Black "muhit"]
[Result "1-0"]
[ICCResult "Black resigns"]
[WhiteElo "2619"]
[BlackElo "1400"]
[Opening "English: symmetrical, hedgehog system"]
[ECO "A30"]
[NIC "EO.39"]
[Time "19:01:30"]
[TimeControl "3600+30"]

1. Nf3 Nf6 2. c4 c5 3. Nc3 e6 4. g3 b6 5. Bg2 Bb7 6. O-O Be7 7. d4 cxd4 8.
Qxd4 O-O 9. Rd1 d6 10. b3 Nbd7 11. Ba3 Nc5 12. b4 Na6 13. Rab1 Qc8 14. Nd2
Bxg2 15. Kxg2 Rd8 16. e4 e5 17. Qd3 Nc7 18. Rbc1 Ne6 19. Nd5 Qb7 20. Bb2
Rac8 21. a3 Bf8 22. Nxf6+ gxf6 23. Qf3 Ng5 24. Qf5 Bg7 25. h4 Ne6 26. Nf1 b5
27. cxb5 Qxb5 28. Ne3 Rxc1 29. Bxc1 Qe2 30. Qg4 Qxg4 31. Nxg4 Nd4 32. Ne3
Rc8 33. Nd5 Rc4 34. Be3 Kf8 35. Bxd4 exd4 36. Rd3 Ke8 37. g4 Kd7 38. f4 Kc6
39. h5 Kb5 40. Kf3 h6 41. Ke2 Rc1 42. Rd1 Rc2+ 43. Rd2 Rc1 44. Ne7 Bf8 45.
Nf5 Ka4 46. Rxd4 Kxa3 47. b5 Rg1 48. Kf3 Rf1+ 49. Kg3 Rg1+ 50. Kh3 Rf1 51.
Rc4 Rf3+ 52. Kh4 d5 53. exd5 Bb4 54. g5 fxg5+ 55. Kg4 Rxf4+ 56. Rxf4 gxf4
57. Nxh6 Ka4 58. Nxf7 Kxb5 59. h6 Kc5 60. d6 Kc6 61. Ne5+ {Black resigns}
1-0

[Event "ICC 60 30 u"]
[Site "Internet Chess Club"]
[Date "2014.03.24"]
[Round "1"]
[White "Yermo"]
[Black "NeverQuit"]
[Result "1-0"]
[ICCResult "Black forfeits on time"]
[WhiteElo "2619"]
[BlackElo "1400"]
[Opening "QGD: 4.Nf3"]
[ECO "D37"]
[NIC "QP.11"]
[Time "19:01:30"]
[TimeControl "3600+30"]

1. Nf3 Nf6 2. c4 e6 3. Nc3 d5 4. d4 b6 5. cxd5 exd5 6. Bg5 Be7 7. e3 O-O 8.
Bd3 Ba6 9. O-O Bxd3 10. Qxd3 Nbd7 11. Rac1 h6 12. Bxf6 Nxf6 13. Rfd1 Re8 14.
Ne5 Bd6 15. f4 Qe7 16. a3 a5 17. Qf5 g6 18. Qh3 h5 19. Qf3 Qe6 20. h3 Rab8
21. g4 hxg4 22. hxg4 b5 23. g5 b4 24. axb4 axb4 25. Na4 Ne4 26. Ng4 Kg7 27.
Nc5 Qc8 28. Nxe4 dxe4 29. Qg2 Rh8 30. Nh6 Rxh6 31. gxh6+ Kxh6 32. Kf2 Kg7
33. Rh1 Qe6 34. Qh2 Qg4 35. Qg2 Qe6 36. Qg5 Qb3 37. Rce1 Qxb2+ 38. Re2 Qc3
39. f5 {Black forfeits on time} 1-0

[Event "ICC 60 30 u"]
[Site "Internet Chess Club"]
[Date "2014.03.24"]
[Round "1"]
[White "Yermo"]
[Black "backrankbrawler"]
[Result "1-0"]
[ICCResult "Black resigns"]
[WhiteElo "2619"]
[BlackElo "1729"]
[Opening "QGD: Neo-orthodox variation, 7.Bh4"]
[ECO "D56"]
[NIC "QO.13"]
[Time "19:01:30"]
[TimeControl "3600+30"]

1. d4 d5 2. c4 e6 3. Nc3 Nf6 4. Bg5 Be7 5. e3 O-O 6. Nf3 h6 7. Bh4 Nbd7 8.
Rc1 b6 9. cxd5 exd5 10. Bd3 Bb7 11. O-O Re8 12. Qa4 c5 13. Ba6 Qc8 14. Bxb7
Qxb7 15. Rfd1 a6 16. dxc5 bxc5 17. b3 Rad8 18. h3 Nb6 19. Qa5 c4 20. Nd4 g5
21. Bg3 cxb3 22. Nf5 Bf8 23. axb3 Ne4 24. Nxe4 dxe4 25. Rxd8 Rxd8 26. Rc7
Rd5 27. Rxb7 Rxa5 28. Rxb6 Rxf5 29. Rxa6 Rb5 30. Ra8 Kg7 31. Rb8 Rxb8 32.
Bxb8 Bb4 33. g4 Kg6 34. Kg2 f5 35. f3 Bc5 36. fxe4 fxe4 37. Kf2 Kf6 38. Bc7
Ke6 39. Ba5 Kd5 40. Bc3 Bf8 41. Ke2 Kc5 42. Kd2 Kb5 43. Kc2 Kc5 44. Bf6 Kb4
45. Bd4 Kb5 46. Kc3 Bb4+ 47. Kc2 Bf8 48. Be5 Kb4 49. Bf6 Kb5 50. Kc3 Bb4+
51. Kd4 Bf8 52. Kxe4 Kb4 53. Kf5 Kxb3 54. e4 Kc4 55. e5 Kd5 56. e6 Kd6 57.
e7 Bxe7 58. Bxe7+ Kxe7 59. Kg6 Ke6 60. Kxh6 Kf6 61. Kh5 {Black resigns} 1-0

[Event "ICC 60 30 u"]
[Site "Internet Chess Club"]
[Date "2014.03.24"]
[Round "1"]
[White "Yermo"]
[Black "enriquebutti"]
[Result "0-1"]
[ICCResult "White resigns"]
[WhiteElo "2619"]
[BlackElo "2115"]
[Opening "Sicilian: Najdorf, Adams attack"]
[ECO "B90"]
[NIC "SI.14"]
[Time "19:01:30"]
[TimeControl "3600+30"]

1. e4 c5 2. Nf3 d6 3. d4 cxd4 4. Nxd4 Nf6 5. Nc3 a6 6. h3 e6 7. g4 h6 8. Bg2
g5 9. Be3 Nbd7 10. Qe2 Ne5 11. O-O-O Bd7 12. f4 gxf4 13. Bxf4 Rc8 14. Nf3
Nc4 15. e5 Qa5 16. Rd3 Nxb2 17. Kxb2 Qb4+ 18. Ka1 Qxf4 19. exf6 Rxc3 20.
Rxc3 Qxf6 21. Ne5 Bg7 22. Re3 dxe5 23. Be4 Qe7 24. Rf1 O-O 25. Kb1 Bb5 26.
c4 Qb4+ 27. Rb3 Qxc4 28. Bd3 Qd4 29. Rxb5 e4 30. Qxe4 Qa1+ 31. Kc2 Rc8+ 32.
Kd2 Qxa2+ 33. Ke3 axb5 34. Qxb7 Rf8 35. Qe4 Qa7+ 36. Ke2 Qa2+ 37. Ke3 Rb8
38. h4 Qh2 39. Qf3 Qe5+ 40. Qe4 Qc5+ 41. Ke2 b4 42. Qh7+ Kf8 43. Qe4 Qd6 44.
g5 hxg5 45. hxg5 Qe5 46. Qxe5 Bxe5 47. Bc4 Ke7 48. Rf3 Rg8 {White resigns}
0-1

[Event "ICC 60 30 u"]
[Site "Internet Chess Club"]
[Date "2014.03.24"]
[Round "1"]
[White "Yermo"]
[Black "DavidnCT57"]
[Result "1-0"]
[ICCResult "Black resigns"]
[WhiteElo "2619"]
[BlackElo "1996"]
[Opening "Ruy Lopez: open, Riga variation"]
[ECO "C80"]
[NIC "RL.27"]
[Time "19:01:30"]
[TimeControl "3600+30"]

1. e4 e5 2. Nf3 Nc6 3. Bb5 a6 4. Ba4 Nf6 5. O-O Nxe4 6. d4 exd4 7. Nxd4 Nc5
8. Re1+ Be7 9. Nf5 Ne6 10. Nc3 O-O 11. Nd5 Bf6 12. Qg4 Ncd4 13. c3 Nxf5 14.
Qxf5 d6 15. Bc2 Ng5 16. Nxf6+ Qxf6 17. Qxg5 Qxg5 18. Bxg5 Be6 19. Bb3 Rae8
20. f3 h6 21. Bh4 d5 22. Rad1 c6 23. g4 Rc8 24. Kf2 b5 25. Be7 Rfe8 26. Bc5
g5 27. h4 f6 28. Re2 Kf7 29. Rde1 Bd7 30. Rxe8 Rxe8 31. Rxe8 Bxe8 32. hxg5
hxg5 33. f4 Bd7 34. Kf3 Be6 35. Be3 gxf4 36. Kxf4 Ke7 37. Bc5+ Kf7 38. a3
Kg6 39. Bc2+ {Black resigns} 1-0

[Event "ICC 60 30 u"]
[Site "Internet Chess Club"]
[Date "2014.03.24"]
[Round "1"]
[White "Yermo"]
[Black "chesskeys"]
[Result "0-1"]
[ICCResult "White resigns"]
[WhiteElo "2619"]
[BlackElo "1752"]
[Opening "Sicilian: Najdorf, Adams attack"]
[ECO "B90"]
[NIC "SI.14"]
[Time "19:01:30"]
[TimeControl "3600+30"]

1. e4 c5 2. Nf3 d6 3. d4 cxd4 4. Nxd4 Nf6 5. Nc3 a6 6. h3 e6 7. g4 Be7 8.
Bg2 Nfd7 9. Be3 Nc6 10. Qe2 Nxd4 11. Bxd4 O-O 12. O-O-O b5 13. f4 b4 14. Na4
Qa5 15. b3 Bb7 16. Kb1 Bc6 17. Nb2 Bb5 18. Qf2 Qc7 19. g5 a5 20. h4 a4 21.
f5 e5 22. Be3 axb3 23. cxb3 Qa5 24. Nd3 Rfc8 25. f6 Bf8 26. fxg7 Bxg7 27.
Nc1 Rc7 28. Rxd6 Rac8 29. Rhd1 Qa3 30. Qb2 Qxb2+ 31. Kxb2 Rc2+ 32. Kb1 Rxg2
33. Rxd7 Bxd7 34. Rxd7 Bf8 35. h5 Bc5 36. Bxc5 Rxc5 37. Nd3 Rb5 38. h6 Kf8
39. Rd8+ Ke7 40. Rh8 Rxg5 41. Rxh7 Rh5 42. Rh8 f6 43. Rh7+ Ke6 44. Rh8 Kf7
45. Rh7+ Kg6 46. Rg7+ Kxh6 47. Rg2 Rg5 48. Re2 Kg7 49. a4 bxa3 50. Ka2 Rg3
51. Rd2 Re3 52. Kxa3 Rxe4 53. b4 Kf7 54. Ka4 Rd5 55. Kb3 Red4 {White
resigns} 0-1

[Event "ICC 60 30 u"]
[Site "Internet Chess Club"]
[Date "2014.03.24"]
[Round "1"]
[White "Yermo"]
[Black "calculus"]
[Result "1-0"]
[ICCResult "Black resigns"]
[WhiteElo "2619"]
[BlackElo "1589"]
[Opening "QGD: Albin counter-gambit"]
[ECO "D08"]
[NIC "QG.02"]
[Time "19:01:30"]
[TimeControl "3600+30"]

1. d4 d5 2. c4 e5 3. dxe5 d4 4. Nf3 Nc6 5. a3 Nge7 6. b4 Ng6 7. Bb2 Ncxe5 8.
Nxe5 Nxe5 9. Qxd4 Qxd4 10. Bxd4 Nxc4 11. e3 Nd6 12. Nc3 c6 13. Be2 f6 14.
O-O Be7 15. b5 Bd7 16. a4 Nf5 17. Ne4 Nxd4 18. exd4 O-O 19. bxc6 bxc6 20.
Bc4+ Kh8 21. Nc5 Bf5 22. Rfe1 Bd6 23. Be6 Bxc5 24. dxc5 Bg6 25. h4 Bf7 26.
Bxf7 Rxf7 27. Re6 Rc7 28. Rd1 Kg8 29. Rdd6 Rac8 30. h5 Kf7 31. g4 a5 32. Kg2
g6 33. Rxf6+ Kg7 {Black resigns} 1-0

[Event "ICC 60 30 u"]
[Site "Internet Chess Club"]
[Date "2014.03.24"]
[Round "1"]
[White "Yermo"]
[Black "masonicchess"]
[Result "0-1"]
[ICCResult "White resigns"]
[WhiteElo "2619"]
[BlackElo "1666"]
[Opening "QGD: 4.Bg5"]
[ECO "D50"]
[NIC "QO.16"]
[Time "19:01:30"]
[TimeControl "3600+30"]

1. c4 e6 2. Nc3 d5 3. d4 Nf6 4. Bg5 h6 5. Bxf6 Qxf6 6. cxd5 Be7 7. Nf3 Na6
8. e4 O-O 9. Be2 c5 10. d6 Bd8 11. e5 Qg6 12. O-O cxd4 13. Qxd4 Bb6 14. Qh4
Nc5 15. Rad1 Bd7 16. b4 Na6 17. Bd3 Bd8 18. Qh3 f5 19. exf6 Qxf6 20. Ne4 Qf7
21. Ne5 Qe8 22. a3 Bf6 23. Nxf6+ Rxf6 24. Qg4 Rd8 25. Qe4 Rf5 26. f4 Ba4 27.
Bc2 Bxc2 28. Qxc2 Qb5 29. d7 Nb8 30. Qc7 Rff8 31. Qd6 Rf6 32. g3 Nc6 33.
Nxc6 bxc6 34. Rfe1 Kf7 35. Re5 Qa4 36. Rde1 c5 37. Rxe6 Rxd7 38. Rxf6+ gxf6
39. Qe6+ Kg7 40. bxc5 Qd4+ 41. Kg2 Qb2+ 42. Kh3 Qb5 43. c6 Qh5+ 44. Kg2 Rd2+
{White resigns}
0-1

[Event "ICC 60 30 u"]
[Site "Internet Chess Club"]
[Date "2014.03.24"]
[Round "1"]
[White "Yermo"]
[Black "drstrangemove"]
[Result "0-1"]
[ICCResult "White resigns"]
[WhiteElo "2619"]
[BlackElo "1904"]
[Opening "Ruy Lopez: classical defense, Benelux variation"]
[ECO "C64"]
[NIC "RL.01"]
[Time "19:01:30"]
[TimeControl "3600+30"]

1. e4 e5 2. Nf3 Nc6 3. Bb5 Bc5 4. c3 Nf6 5. O-O O-O 6. d4 Bb6 7. Re1 d6 8.
Bg5 exd4 9. cxd4 Bg4 10. Bxc6 bxc6 11. Nc3 h6 12. Bh4 g5 13. Bg3 Nh5 14. Qd3
f5 15. exf5 Qf6 16. Qc4+ d5 17. Nxd5 cxd5 18. Qxd5+ Kh7 19. Ne5 Qxf5 20. h3
Nxg3 21. fxg3 Qf2+ 22. Kh2 Bf5 23. g4 Rad8 24. Qc4 Rxd4 25. Qc6 Rd6 26. Qf3
Qxf3 27. Nxf3 Bd7 28. Rad1 Bc6 29. Re7+ Kg8 30. Rxd6 cxd6 31. Re6 Bxf3 32.
gxf3 Kg7 33. Kg2 d5 34. Rd6 d4 35. b4 Rd8 36. Rxd8 Bxd8 37. Kf2 Kf6 38. Ke2
Ke5 {White resigns} 0-1

[Event "ICC 60 30 u"]
[Site "Internet Chess Club"]
[Date "2014.03.24"]
[Round "1"]
[White "Yermo"]
[Black "kaens"]
[Result "1/2-1/2"]
[ICCResult "Game drawn because neither player has mating material"]
[WhiteElo "2619"]
[BlackElo "2298"]
[Opening "English: three knights system"]
[ECO "A27"]
[NIC "EO.21"]
[Time "19:01:30"]
[TimeControl "3600+30"]

1. c4 e5 2. Nc3 Nc6 3. Nf3 f5 4. d4 e4 5. Ng5 Nf6 6. g3 d6 7. Bg2 g6 8. f3
h6 9. Nh3 exf3 10. Bxf3 g5 11. Nf2 Bg7 12. O-O O-O 13. Bg2 Qe8 14. e3 Kh8
15. Bd2 Qf7 16. Nd5 Nxd5 17. cxd5 Ne7 18. Qb3 Ng6 19. Rac1 Re8 20. Rc3 Re7
21. Rfc1 b6 22. Qc2 Bb7 23. Rxc7 Bxd5 24. Bxd5 Qxd5 25. Qc6 Qxc6 26. R1xc6
f4 27. Nd1 fxe3 28. Bxe3 Rd8 29. Bf2 Rdd7 30. Rxd7 Rxd7 31. Kg2 Ne7 32. Rc2
Nd5 33. Ne3 Nb4 34. Rc8+ Kh7 35. Nf5 Nxa2 36. Be1 Rf7 37. g4 h5 38. h3 hxg4
39. hxg4 d5 40. b4 Bf8 41. b5 Bb4 42. Bg3 Nc3 43. Be5 Rd7 44. Rh8+ Kg6 45.
Rg8+ Kf7 46. Rxg5 Bf8 47. Rh5 Nxb5 48. Kf3 a5 49. g5 a4 50. Rh7+ Ke8 51. g6
a3 52. g7 Bxg7 53. Nxg7+ Kd8 54. Rh8+ Ke7 55. Ra8 Ra7 56. Nf5+ Ke6 57. Rxa7
Nxa7 58. Ne3 Nc6 59. Nc2 a2 60. Bg7 Kf7 61. Bh8 b5 62. Na1 b4 63. Ke3 Na5
64. Kd3 b3 65. Kc3 Ke6 66. Bg7 Kf5 67. Bh6 Ke4 68. Bc1 Nc6 69. Kxb3 Kxd4 70.
Kxa2 Kc3 71. Bb2+ Kc4 72. Nc2 Kd3 73. Kb1 d4 74. Nxd4 Nxd4
{Game drawn because neither player has mating material}
1/2-1/2

[Event "ICC 60 30 u"]
[Site "Internet Chess Club"]
[Date "2014.03.24"]
[Round "1"]
[White "Yermo"]
[Black "ce"]
[Result "1/2-1/2"]
[ICCResult "Game drawn by repetition"]
[WhiteElo "2619"]
[BlackElo "1689"]
[Opening "King's Indian: Makagonov system (5.h3)"]
[ECO "E71"]
[NIC "KI.30"]
[Time "19:01:30"]
[TimeControl "3600+30"]

1. d4 Nf6 2. c4 g6 3. Nc3 Bg7 4. e4 d6 5. h3 O-O 6. Bg5 h6 7. Be3 e5 8. d5
Nbd7 9. g4 Ne8 10. Qd2 Kh7 11. Bd3 Nc5 12. Bc2 Bd7 13. Nf3 a6 14. g5 h5 15.
Nh4 b5 16. b4 Nb7 17. cxb5 axb5 18. Bd3 Qc8 19. Bxb5 Bxh3 20. a4 Qg4 21. Be2
Qxh4 22. Bf1 f6 23. Rxh3 Qg4 24. Rg3 Qh4 25. Rh3 Qg4 26. Rg3 Qh4 27. Rh3 Qg4
{Game drawn by repetition}
1/2-1/2

[Event "ICC 60 30 u"]
[Site "Internet Chess Club"]
[Date "2014.03.24"]
[Round "1"]
[White "Yermo"]
[Black "varun1"]
[Result "1/2-1/2"]
[ICCResult "Game drawn by mutual agreement"]
[WhiteElo "2619"]
[BlackElo "1937"]
[Opening "French: Winawer, advance, positional main line"]
[ECO "C19"]
[NIC "FR.13"]
[Time "19:01:30"]
[TimeControl "3600+30"]

1. e4 e6 2. d4 d5 3. Nc3 Bb4 4. e5 c5 5. a3 Bxc3+ 6. bxc3 Ne7 7. Nf3 Nbc6 8.
Bd3 Qa5 9. Bd2 c4 10. Be2 Bd7 11. a4 O-O 12. O-O f6 13. Re1 fxe5 14. dxe5
Ng6 15. Bf1 Qc7 16. g3 a6 17. Bh3 h6 18. Nd4 Rf7 19. f4 Nxd4 20. cxd4 Ne7
21. Bb4 Nc6 22. Bd6 Qd8 23. c3 g5 24. Qh5 Kg7 25. Rf1 gxf4 26. Rxf4 Rxf4 27.
gxf4 Ne7 28. Ra2 Qe8 29. Rg2+ Kh7 30. Qh4 Ng6 31. Qf6 Qg8 32. Bg4 Qg7 33.
Bh5 Rg8 34. Bxg6+ Qxg6 35. Qe7+ Qg7 36. Qxg7+ Rxg7 37. Rxg7+ Kxg7 38. a5 Kg6
39. Kf2 Kf5 40. Kf3 Be8 41. h4 h5 {Game drawn by mutual agreement} 1/2-1/2

[Event "ICC 60 30 u"]
[Site "Internet Chess Club"]
[Date "2014.03.24"]
[Round "1"]
[White "Yermo"]
[Black "xionoula"]
[Result "1-0"]
[ICCResult "Black resigns"]
[WhiteElo "2619"]
[BlackElo "1400"]
[Opening "French: Steinitz, Boleslavsky variation"]
[ECO "C11"]
[NIC "FR.04"]
[Time "19:01:30"]
[TimeControl "3600+30"]

1. e4 e6 2. d4 d5 3. Nc3 Nf6 4. e5 Nfd7 5. f4 c5 6. Nf3 Nc6 7. Be3 a6 8. Qd2
b5 9. Be2 Qb6 10. Nd1 b4 11. c3 a5 12. O-O Be7 13. Kh1 O-O 14. Nf2 bxc3 15.
bxc3 cxd4 16. cxd4 Ba6 17. Rab1 Qa7 18. f5 Rab8 19. Nd3 Rxb1 20. Rxb1 Nb4
21. Nf4 exf5 22. a3 Bxe2 23. Qxe2 Nc6 24. Nxd5 Bxa3 25. Qd3 Ne7 26. Nf4 Bb4
27. d5 Bc5 28. Bxc5 Qxc5 29. e6 fxe6 30. Nxe6 Qxd5 31. Qxd5 Nxd5 32. Nxf8
Kxf8 33. Rb5 N7f6 34. Rxa5 Kf7 35. g3 f4 36. g4 h6 37. h3 Ne3 38. Ra7+ Kg8
39. Kg1 Kh7 40. Nh4 h5 41. g5 Ne4 42. Nf3 Kg6 43. Ra6+ Kf5 44. Ra5+ Kg6 45.
Nh4+ Kh7 46. Re5 Ng3 47. Kf2 Nc4 48. Re8 Ne3 49. Kf3 Nef5 50. Nxf5 Nxf5 51.
Kxf4 Nd6 52. Re6 {Black resigns} 1-0

[Event "ICC 60 30 u"]
[Site "Internet Chess Club"]
[Date "2014.03.24"]
[Round "1"]
[White "Yermo"]
[Black "Zhbugnoimt"]
[Result "0-1"]
[ICCResult "White resigns"]
[WhiteElo "2619"]
[BlackElo "1830"]
[Opening "Old Indian: Ukrainian variation, 4.Nf3"]
[ECO "A54"]
[NIC "OI.04"]
[Time "19:01:30"]
[TimeControl "3600+30"]

1. d4 Nf6 2. c4 d6 3. Nc3 e5 4. Nf3 Nc6 5. d5 Ne7 6. e4 g6 7. h3 Bg7 8. g4
O-O 9. Bd3 Kh8 10. Be3 Nd7 11. Qd2 f5 12. gxf5 gxf5 13. exf5 Nxf5 14. Bg5
Qe8 15. O-O-O a6 16. Rhg1 Nc5 17. Bc2 Nd4 18. Nxd4 exd4 19. Bh6 Be5 20. Bxf8
Qxf8 21. Ne2 b5 22. Kb1 d3 23. Bb3 dxe2 24. Qxe2 bxc4 25. f4 Bf5+ 26. Bc2
Bg7 27. Qxc4 Rb8 28. b3 Qf6 29. Rxg7 Bxc2+ 30. Qxc2 Qxg7 31. Qb2 Qxb2+ 32.
Kxb2 Rf8 33. Rd4 Rf5 34. b4 Na4+ 35. Kb3 Nb6 36. a4 Nxd5 37. a5 c6 38. Rc4
Ne7 39. Re4 Rf7 40. Re6 Nf5 41. Re8+ Kg7 42. Ra8 Nd4+ 43. Kc3 Nb5+ 44. Kb3
Rxf4 45. Rxa6 Rf3+ 46. Kb2 Rf2+ 47. Kb3 d5 48. Rb6 Kf7 49. a6 Ke7 50. a7
Nxa7 51. Rb7+ Kd6 52. Rxa7 Rf3+ 53. Kc2 Rxh3 54. Ra6 Kc7 55. Ra8 h5 56. Rh8
h4 57. Kb2 Kb6 58. Rb8+ Ka6 59. Rh8 Kb5 60. Rh6 Rh2+ 61. Kc3 h3 62. Kb3 Rh1
63. Rh8 h2 64. Kb2 d4 {White resigns} 0-1

[Event "ICC 60 30 u"]
[Site "Internet Chess Club"]
[Date "2014.03.24"]
[Round "1"]
[White "Yermo"]
[Black "tactics321"]
[Result "1-0"]
[ICCResult "Black checkmated"]
[WhiteElo "2619"]
[BlackElo "1850"]
[Opening "Sicilian: Pelikan (Lasker/Sveshnikov) variation"]
[ECO "B33"]
[NIC "SI.35"]
[Time "19:01:30"]
[TimeControl "3600+30"]

1. e4 c5 2. Nf3 Nc6 3. d4 cxd4 4. Nxd4 Nf6 5. Nc3 e5 6. Ndb5 d6 7. Nd5 Nxd5
8. exd5 Nb8 9. c4 a6 10. Nc3 Be7 11. Be2 f5 12. O-O O-O 13. f4 e4 14. Be3
Nd7 15. Qd2 h6 16. Rac1 g5 17. b4 b6 18. Kh1 g4 19. Rfd1 Kg7 20. c5 bxc5 21.
bxc5 Nxc5 22. Bxc5 dxc5 23. d6 Bf6 24. Na4 e3 25. Qd5 Qxd6 26. Qxd6 Be5 27.
Qxe5+ Kg6 28. Rd6+ Kh5 29. h3 Kh4 30. Rxh6+ Kg3 31. Qxe3# {Black checkmated}
1-0

[Event "ICC 60 30 u"]
[Site "Internet Chess Club"]
[Date "2014.03.24"]
[Round "1"]
[White "Yermo"]
[Black "MojoRising"]
[Result "1-0"]
[ICCResult "Black resigns"]
[WhiteElo "2619"]
[BlackElo "1400"]
[Opening "Réti: advance variation"]
[ECO "A09"]
[NIC "RE.16"]
[Time "19:01:30"]
[TimeControl "3600+30"]

1. Nf3 d5 2. c4 d4 3. e3 c5 4. b4 b6 5. exd4 cxd4 6. Bb2 Bb7 7. Nxd4 Nf6 8.
Nf3 e6 9. a3 a5 10. b5 Nbd7 11. d4 Bd6 12. Be2 O-O 13. O-O Rc8 14. Nbd2 Qe7
15. Re1 Rfd8 16. Qb3 Nf8 17. Bf1 Qc7 18. g3 Qb8 19. Rad1 N8d7 20. Bh3 h6 21.
a4 Qa8 22. d5 Bb4 23. dxe6 Nc5 24. exf7+ Kh8 25. Qe3 Kh7 26. Bf5+
{Black resigns}
1-0

[Event "ICC 60 30 u"]
[Site "Internet Chess Club"]
[Date "2014.03.24"]
[Round "1"]
[White "Yermo"]
[Black "mionzeira"]
[Result "1-0"]
[ICCResult "Black resigns"]
[WhiteElo "2619"]
[BlackElo "1468"]
[Opening "English: symmetrical variation"]
[ECO "A30"]
[NIC "EO.64"]
[Time "19:01:30"]
[TimeControl "3600+30"]

1. c4 c5 2. Nf3 d6 3. d4 cxd4 4. Nxd4 Nc6 5. Nc3 g6 6. e4 Bg7 7. Be3 Nf6 8.
Be2 Qa5 9. O-O Bd7 10. a3 Qc7 11. Rc1 a6 12. Nd5 Qd8 13. Nxc6 bxc6 14. Bb6
Qb8 15. Nc7+ Kf8 16. Nxa8 Qxa8 17. f3 Bh6 18. Bd4 Bxc1 19. Qxc1 Kg7 20. c5
Qa7 21. Qe3 e5 22. Bc3 Qxc5 23. Qxc5 dxc5 24. Bxe5 a5 25. Rc1 {Black
resigns} 1-0

[Event "ICC 60 30 u"]
[Site "Internet Chess Club"]
[Date "2014.03.24"]
[Round "1"]
[White "Yermo"]
[Black "Jingo"]
[Result "1-0"]
[ICCResult "Black resigns"]
[WhiteElo "2619"]
[BlackElo "1806"]
[Opening "French: Winawer, Petrosian variation"]
[ECO "C16"]
[NIC "FR.09"]
[Time "19:01:30"]
[TimeControl "3600+30"]

1. e4 e6 2. d4 d5 3. Nc3 Bb4 4. e5 Qd7 5. Qg4 Bxc3+ 6. bxc3 f5 7. Qh5+ Qf7
8. Qd1 Qd7 9. h4 b6 10. h5 Ba6 11. Bxa6 Nxa6 12. Nh3 Nb8 13. h6 g6 14. Bg5
Nc6 15. Nf4 Qf7 16. c4 Nce7 17. cxd5 Nxd5 18. Nxd5 exd5 19. O-O Kd7 20. e6+
Qxe6 21. Re1 Qf7 22. c4 Kc8 23. Qa4 Nf6 24. Qc6 {Black resigns} 1-0

[Event "ICC 60 30 u"]
[Site "Internet Chess Club"]
[Date "2014.03.24"]
[Round "1"]
[White "Yermo"]
[Black "Palchinsky01"]
[Result "1-0"]
[ICCResult "Black resigns"]
[WhiteElo "2619"]
[BlackElo "1823"]
[Opening "QGD Slav accepted: Alapin variation"]
[ECO "D16"]
[NIC "SL.03"]
[Time "19:01:30"]
[TimeControl "3600+30"]

1. Nf3 d5 2. c4 c6 3. d4 Nf6 4. Nc3 dxc4 5. a4 g6 6. e4 Bg7 7. Bxc4 O-O 8.
O-O Na6 9. h3 h6 10. Be3 Qa5 11. Qd2 Kh7 12. e5 Nd5 13. Nxd5 Qxd2 14. Bxd2
cxd5 15. Bxd5 Nc7 16. Be4 Be6 17. Rfc1 Nd5 18. a5 Rac8 19. Kf1 Rfd8 20. Ke2
Kg8 21. b4 Kf8 22. Rc5 Ke8 23. Rac1 Rxc5 24. bxc5 Rc8 25. Rb1 {Black
resigns} 1-0

[Event "ICC 60 30 u"]
[Site "Internet Chess Club"]
[Date "2014.03.24"]
[Round "1"]
[White "Yermo"]
[Black "JRussell2"]
[Result "1-0"]
[ICCResult "Black resigns"]
[WhiteElo "2619"]
[BlackElo "1465"]
[Opening "English: symmetrical, main line with d4"]
[ECO "A39"]
[NIC "EO.26"]
[Time "19:01:30"]
[TimeControl "3600+30"]

1. c4 c5 2. Nf3 Nf6 3. Nc3 Nc6 4. g3 g6 5. Bg2 Bg7 6. O-O O-O 7. d4 cxd4 8.
Nxd4 Nxd4 9. Qxd4 d6 10. Qd3 a6 11. Bd2 Rb8 12. Rac1 Bd7 13. a4 Bc6 14. e4
e6 15. Bf4 e5 16. Be3 Qe7 17. b4 Qd7 18. b5 axb5 19. axb5 {Black resigns}
1-0

[Event "ICC 60 30 u"]
[Site "Internet Chess Club"]
[Date "2014.03.24"]
[Round "1"]
[White "Yermo"]
[Black "silvercloud"]
[Result "1-0"]
[ICCResult "Black resigns"]
[WhiteElo "2619"]
[BlackElo "1130"]
[Opening "Sicilian: Najdorf, Adams attack"]
[ECO "B90"]
[NIC "SI.14"]
[Time "19:01:30"]
[TimeControl "3600+30"]

1. e4 c5 2. Nf3 d6 3. d4 cxd4 4. Nxd4 Nf6 5. Nc3 a6 6. h3 e6 7. g4 Be7 8.
Bg2 Nfd7 9. Be3 Nc6 10. h4 Nxd4 11. Qxd4 O-O 12. O-O-O b5 13. f4 Qa5 14. Kb1
b4 15. Ne2 Qb5 16. Ng3 a5 17. g5 a4 18. h5 b3 19. cxb3 axb3 20. a3 Bb7 21.
h6 e5 22. Qd3 Qxd3+ 23. Rxd3 Rab8 24. hxg7 Kxg7 25. Nf5+ {Black resigns} 1-0

[Event "ICC 60 30 u"]
[Site "Internet Chess Club"]
[Date "2014.03.24"]
[Round "1"]
[White "Yermo"]
[Black "RUSH7"]
[Result "1-0"]
[ICCResult "Black resigns"]
[WhiteElo "2619"]
[BlackElo "1837"]
[Opening "Sicilian defense"]
[ECO "B32"]
[NIC "SI.32"]
[Time "19:01:30"]
[TimeControl "3600+30"]

1. e4 c5 2. Nf3 Nc6 3. d4 cxd4 4. Nxd4 a6 5. c4 e6 6. Nc3 Bb4 7. Nxc6 bxc6
8. Bd3 Ne7 9. O-O Ng6 10. f4 Bb7 11. Be3 Qa5 12. Kh1 Rd8 13. Bd4 e5 14. fxe5
Nxe5 15. Qh5 O-O 16. Qxe5 {Black resigns} 1-0

[Event "ICC 60 30 u"]
[Site "Internet Chess Club"]
[Date "2014.03.24"]
[Round "1"]
[White "Yermo"]
[Black "Attalus"]
[Result "1-0"]
[ICCResult "Black resigns"]
[WhiteElo "2619"]
[BlackElo "1229"]
[Opening "QGD: Marshall defense"]
[ECO "A50"]
[NIC "QP.07"]
[Time "19:01:30"]
[TimeControl "3600+30"]

1. d4 Nf6 2. c4 d5 3. cxd5 Nxd5 4. Nf3 Bg4 5. e4 Nf6 6. Nc3 e6 7. Be3 Bb4 8.
Qa4+ Nc6 9. Ne5 Bxc3+ 10. bxc3 O-O 11. Nxc6 bxc6 12. Qxc6 Qd6 13. Qxd6 cxd6
14. f3 Bh5 15. Kd2 Rfd8 16. Bd3 e5 17. d5 Nd7 18. Rab1 Nb6 19. Rb4 f6
{Black resigns}
1-0